 Dungeon Crawl Stone Soup version 0.24.0-125-gc4c63601f3 (webtiles) character file.

Game seed: 2997298693983245871, levelgen mode: deterministic

935 Peloso the Shield-Bearer (level 7, -1/61 HPs)
             Began as a Minotaur Fighter on Mar 22, 2020.
             Was a Follower of Okawaru.
             Killed from afar by an electric eel (11 damage)
             ... with a bolt of electricity
             ... on level 6 of the Dungeon.
             The game lasted 00:08:56 (3959 turns).

Peloso the Shield-Bearer (Minotaur Fighter)         Turns: 3959, Time: 00:08:59

Health: -1/61      AC: 11    Str: 21    XL:     7   Next: 87%
Magic:  6/6        EV:  6    Int:  5    God:    Okawaru [*.....]
Gold:   79         SH: 14    Dex: 11    Spells: 6/6 levels left

rFire    . . .     SeeInvis .   a - +0 long sword
rCold    . . .     Gourm    .   c - +0 shield
rNeg     + . .     Faith    .   y - +1 chain mail "Zuvucen" {rN+}
rPois    .         Spirit   .   (helmet restricted)
rElec    .         Reflect  +   (no cloak)
rCorr    .         Harm     .   (no gloves)
MR       .....                  (no boots)
Stlth    ..........             i - +3 amulet of reflection
HPRegen  0.20/turn              (no ring)
MPRegen  0.10/turn              (no ring)

@: no status effects
A: retaliatory headbutt, horns 2
a: Heroism, Renounce Religion


You were on level 6 of the Dungeon.
You worshipped Okawaru.
Okawaru was aware of your devotion.
You were not hungry.

You visited 2 branches of the dungeon, and saw 7 of its levels.

You collected 345 gold pieces.
You spent 266 gold pieces at shops.

Inventory:

Hand Weapons
 a - a +0 long sword (weapon)
 B - a +0 short sword of venom
Armour
 b - a +0 scale mail
 c - a +0 shield (worn)
 g - a +0 plate armour
 y - the +1 chain mail "Zuvucen" (worn) {rN+}
   (You bought it in a shop on level 4 of the Dungeon)

   It protects you from negative energy.
Jewellery
 i - a +3 amulet of reflection (around neck)
 n - an uncursed amulet of rage
Scrolls
 e - a scroll of teleportation
 h - 5 scrolls of remove curse
 j - a scroll of noise
 m - 3 scrolls of magic mapping {unknown}
 o - 2 scrolls of fog {unknown}
 p - a scroll of blinking
 q - 6 scrolls of identify
 v - 2 scrolls of enchant armour {unknown}
 x - 2 scrolls of enchant weapon {unknown}
 C - a scroll of immolation {unknown}
 D - a scroll of acquirement {unknown}
Potions
 d - 4 potions of might
 k - 5 potions of curing
 l - a potion of cancellation
 r - 2 potions of flight {unknown}
 s - a potion of resistance {unknown}
 t - a potion of mutation {unknown}
 u - a potion of magic {unknown}
 w - a potion of brilliance {unknown}
 z - a potion of ambrosia {unknown}
Comestibles
 f - 11 rations


   Skills:
 + Level 5.1 Fighting
 + Level 6.3 Long Blades
 + Level 6.0 Armour
 + Level 1.1 Dodging
 + Level 0.7 Stealth
 + Level 7.2 Shields


You had 6 spell levels left.
You didn't know any spells.
Your spell library contained the following spells:

 Spells                   Type           Power        Failure   Level  Hunger
 Freeze                   Ice            #...         100%        1    ##.....
 Throw Frost              Conj/Ice       #.....       100%        2    ###....
 Ozocubu's Armour         Chrm/Ice       #.......     100%        3    ####...
 Summon Ice Beast         Ice/Summ       #.......     100%        4    #####..
 Throw Icicle             Conj/Ice       #.......     100%        4    #####..


Dungeon Overview and Level Annotations

Branches:
Dungeon (6/15)             Temple (1/1) D:4

Altars:
Ashenzari
Cheibriados
Dithmenos
Elyvilon
Fedhas
Hepliaklqana
Kikubaaqudgha
Makhleb
Nemelex Xobeh
Okawaru
Qazlal
Ru
Sif Muna
Trog
Uskayaw
Vehumet
Wu Jian
Xom
Yredelemnul
Zin
The Shining One

Shops:
D:4 [%}

Annotations:
D:4 3 runed translucent doors, terminal's ghost, novice VSEn


Innate Abilities, Weirdness & Mutations

You reflexively headbutt those who attack you in melee.
You have a pair of horns on your head.


Message History

An electric eel comes into view.
You miss the electric eel.
The electric eel shoots out a bolt of lightning at you!
The bolt of electricity hits you! x2
The bolt of electricity hits the electric eel.
The electric eel completely resists.
Your shield and chain mail "Zuvucen" prevent you from hitting the electric eel.
Your headbutt misses the electric eel.
The electric eel shoots out a bolt of lightning at you!
The bolt of electricity hits the electric eel.
The electric eel completely resists.
The bolt of electricity hits you.
* * * LOW HITPOINT WARNING * * *
Your chain mail "Zuvucen" prevents you from hitting the electric eel.
Your shield and chain mail "Zuvucen" prevent you from hitting the electric eel.
The electric eel shoots out a bolt of lightning at you!
The bolt of electricity misses the electric eel.
The bolt of electricity hits you!
* * * LOW HITPOINT WARNING * * *
The bolt of electricity hits you!
You die...

#.≈≈≈≈.# ####.......#
#.≈≈≈≈.# ..........#
#.≈≈≈≈.# ....<.....
#.≈≈;≈.# ##........
#.≈≈≈≈.# #.........
#.≈≈≈≈.# ###.......>.
#.≈≈≈≈.###.##.......#
###.≈≈;≈.#....#†......#
###.#...@..#........(...#
##...###'####......#.....#
#........##...<...##......
##....#####...######......
###..#####...## .......
##....#.##....# (...##
#............## .##
##..##......##
##.........#


You could see 2 electric eels.

Vanquished Creatures
  A sky beast (D:5)
  A phantom (D:5)
  An ice beast (D:5)
  An ogre (D:5)
  A bullfrog (D:5)
  4 orc wizards
  5 worker ants
  A howler monkey skeleton (D:5)
  3 gnolls (D:5)
  14 adders
  5 oozes
  2 worms
  3 dart slugs (D:1)
  3 leopard geckos
  8 orcs
  6 bats
  3 giant cockroaches
  5 hobgoblins
  8 jackals
  4 kobolds
  A quokka (D:3)
  8 frilled lizards
  4 goblins
  14 rats
106 creatures vanquished.

Notes
Turn   | Place    | Note
-------+----------+-------------------------------------------
     0 | D:1      | Peloso the Minotaur Fighter began the quest for the Orb.
     0 | D:1      | Reached XP level 1. HP: 19/19 MP: 0/0
    21 | D:1      | Reached XP level 2. HP: 27/27 MP: 1/1
    83 | D:1      | Reached skill level 4 in Shields
   296 | D:1      | Reached XP level 3. HP: 33/33 MP: 2/2
   478 | D:2      | Found a blossoming altar of Fedhas.
   626 | D:2      | Reached XP level 4. HP: 21/40 MP: 3/3
   659 | D:2      | Reached skill level 5 in Shields
   982 | D:3      | Reached XP level 5. HP: 39/46 MP: 4/4
  1590 | D:4      | Found a glowing silver altar of Zin.
  1608 | D:4      | Found a staircase to the Ecumenical Temple.
  1625 | Temple   | Entered the Ecumenical Temple
  1761 | Temple   | Became a worshipper of Warmaster Okawaru
  1821 | D:4      | Found Uxziweuh's Gadget Shoppe.
  1844 | D:4      | Reached skill level 6 in Shields
  2079 | D:4      | Found Qicigajuja's Food Shop.
  2092 | D:4      | Found a sparkling altar of Nemelex Xobeh.
  2129 | D:4      | Found Fasko's Antique Armour Emporium.
  2146 | D:4      | Found a white marble altar of Elyvilon.
  2170 | D:4      | Reached XP level 6. HP: 53/53 MP: 5/5
  2295 | D:4      | Found a runed translucent gate.
  2295 | D:4      | Found a runed translucent gate.
  2295 | D:4      | Found a runed translucent gate.
  2297 | D:4      | Identified the +3 dagger of Arbitration {chaos, *Rage
                  | +Blink Stlth+}
  2297 | D:4      | Noticed terminal's ghost (novice VSEn)
  2592 | D:4      | Bought a steaming chain mail for 266 gold pieces
  2604 | D:4      | Identified the +1 chain mail "Zuvucen" {rN+} (You bought it
                  | in a shop on level 4 of the Dungeon)
  2627 | D:5      | Entered Level 5 of the Dungeon
  2648 | D:5      | Found a shadowy altar of Dithmenos.
  2685 | D:5      | Found a hazy altar of Hepliaklqana.
  2685 | D:5      | Found a radiant altar of Vehumet.
  2703 | D:5      | Reached skill level 5 in Armour
  2723 | D:4      | Reached * piety under Okawaru
  3213 | D:5      | Reached skill level 5 in Long Blades
  3213 | D:5      | Reached XP level 7. HP: 44/60 MP: 6/6
  3405 | D:5      | Reached skill level 7 in Shields
  3633 | D:5      | Reached skill level 5 in Fighting
  3868 | D:6      | Reached skill level 1 in Dodging
  3959 | D:6      | Killed from afar by an electric eel

Levels and vault maps discovered:
D:1:      onia_arrival_handbag, layout_rooms
D:2:      layout_rooms, nicolae_overflow_crystal_walls
D:3:      layout_basic, first_ration
D:4:      layout_basic, kennysheep_little_box, lemuel_crystal_altar,
          minmay_temple_entry_trees, serial_shops, shop,
          nicolae_shop_temple_entry_statues_fountains, shop,
          gammafunk_ghost_nasty_kobolds, elyvilon_altar_4
D:5:      layout_rooms, gammafunk_temple_overflow_forgotten, due_unseen_surprise
D:6:      layout_cave_pools, nrook_pool_corridor, grunt_decor_resistance,
          nrook_loot_triangle, minmay_misc_feat_chi, uniq_pikel, uniq_menkaure
Temple:   eino_temple_scatter_basement

Skill      XL: |  1  2  3  4  5  6  7 |
---------------+----------------------+-----
Armour         | 4 5 6 |  6.0
Shields        | 4 5 6 7 |  7.2
Fighting       | 4 5 |  5.1
Long Blades    | 3 5 6 |  6.3
Dodging        | 1 |  1.1
Stealth        | |  0.7

Action                   |  1- 3 |  4- 6 |  7- 9 || total
-------------------------+-------+-------+-------++-------
Melee: Long sword        |   102 |   196 |    66 ||   364
       Headbutt          |    14 |    31 |    14 ||    59
Invok: Heroism           |       |       |     1 ||     1
  Use: Potion            |     1 |       |       ||     1
       Scroll            |       |     5 |       ||     5
  Eat: Chunk             |       |     7 |     3 ||    10
Armor: Scale mail        |     4 |       |       ||     4
       Plate armour      |    92 |    69 |       ||   161
       Chain mail        |       |    36 |    21 ||    57
Dodge: Dodged            |    16 |    33 |    13 ||    62
Block: Shield            |    76 |   132 |    37 ||   245
       Reflection        |       |       |     1 ||     1
       Rpst.: Long sword |     3 |    12 |     3 ||    18
